 Dungeon Crawl Stone Soup version 0.15.2 (webtiles) character file.

93 bullock the Magician (level 4, -6/27 HPs)
             Began as an Octopode Wizard on Dec 10, 2014.
             Killed by divine providence
             ... invoked by an orc priest
              (12 damage)
             ... on Level 4 of the Dungeon.
             The game lasted 00:07:29 (2742 turns).

bullock the Magician (Octopode Wizard)              Turns: 2742, Time: 00:07:29

HP  -6/27        AC  1     Str  6      XL: 4   Next: 62%
MP   1/10        EV 12     Int 21      God:
Gold 221         SH  0     Dex 10      Spells:  3 memorised,  5 levels left

rFire  . . .     SeeInvis .     j - +2 war axe (chop)
rCold  . . .     Clarity  .     (no shield)
rNeg   . . .     rCorr    .     b - +0 hat
rPois  .         rRot     .     (no amulet)
rElec  .         Spirit   .     (no ring)
SustAb .         Warding  .     (no ring)
rMut   .         Stasis   .     (no ring)
Gourm  .                        (no ring)
MR     .....                    (no ring)
                                (no ring)
                                (no ring)
                                (no ring)

@: very slightly contaminated, not resistant to hostile enchantments, fairly
stealthy
A: almost no armour, amphibious, 8 rings, constrict 8, camouflage 1, gelatinous
body 1
a: no special abilities


You were on level 4 of the Dungeon.
You were hungry.

You visited 1 branch of the dungeon, and saw 4 of its levels.

You collected 221 gold pieces.

Inventory:

Hand weapons
 j - a +2 war axe of chopping (weapon)
Armour
 b - a +0 hat (worn)
Comestibles
 d - 2 bread rations
 k - a slice of pizza
 n - a meat ration
Scrolls
 i - 2 scrolls of immolation
 q - a scroll of remove curse
Jewellery
 h - a +2 ring of intelligence {unknown}
Potions
 a - a potion of brilliance {unknown}
 f - a potion of agility {unknown}
 g - a potion of magic {unknown}
 l - a potion of might {unknown}
 o - a potion of porridge
 p - a potion of curing {unknown}
Books
 c - a book of Minor Magic

   Spells                             Type                      Level
   *Magic Dart                        Conjuration                  1
   *Blink                             Translocation                2
   Call Imp                           Summoning                    2
   *Repel Missiles                    Charms/Air                   2
   Slow                               Hexes                        2
   Conjure Flame                      Conjuration/Fire             3
   Mephitic Cloud                     Conjuration/Poison/Air       3


   Skills:
 - Level 2.0 Dodging
 - Level 3.1 Stealth
 + Level 3.5 Spellcasting
 * Level 3.5 Conjurations
   Level 1.0 Summonings
 - Level 1.0 Translocations


You had 5 spell levels left.
You knew the following spells:

 Your Spells              Type           Power        Failure   Level  Hunger
a - Magic Dart            Conj           ###.         3%          1    None
q - Blink                 Tloc           N/A          14%         2    ##.....
v - Repel Missiles        Chrm/Air       #.....       21%         2    ##.....


Dungeon Overview and Level Annotations

Branches:
Dungeon (4/15)
 Temple: D:4-7

Altars:


Innate Abilities, Weirdness & Mutations

You cannot wear most types of armour.
You are amphibious.
You can wear up to eight rings at the same time.
You can use your tentacles to constrict many enemies at once.
Your skin changes colour to match your surroundings (Stealth).
Your rubbery body absorbs attacks (AC +1).


Message History

The magic dart hits the orc priest.
The orc priest is moderately wounded.
Your attack snaps the orc priest out of its fear.
Casting: Magic Dart
Confirm with . or Enter, or press ? or * to list all spells.
Aiming: Magic Dart
Press: ? - help, Shift-Dir - straight line, f/p - orc priest
Aim: an orc priest, wielding a war axe and wearing a leather armour (moderately wounded)
The magic dart hits the orc priest.
The orc priest is heavily wounded.
Casting: Magic Dart
Confirm with . or Enter, or press ? or * to list all spells.
Aiming: Magic Dart
Press: ? - help, Shift-Dir - straight line, f/p - orc priest
Aim: an orc priest, wielding a war axe and wearing a leather armour (heavily wounded)
The magic dart hits the orc priest.
The orc priest is heavily wounded.
The orc priest invokes the aid of Beogh against you.
Something smites you!
You die...

#######
######################........
..........).)..[@)..oo..o.....
#################.####..$.....
#.# ....... ############ #.#
....... ..#...#....# #)#
....... ..<......#.# #[#
...?.. ........##.# #.# .....
.#.........# #.# ....
.##......### #.# .


You could see an orc priest and 2 orcs.

Vanquished Creatures
  2 adders
  3 worms (D:2)
  4 giant geckos
  4 orcs (D:4)
  A ball python (D:1)
  2 bats (D:2)
  A giant cockroach (D:2)
  7 goblins
  10 hobgoblins
  5 kobolds
  A quokka (D:4)
  2 giant newts
  8 rats
50 creatures vanquished.

Notes
Turn   | Place    | Note
--------------------------------------------------------------
     0 | D:1      | bullock, the Octopode Wizard, began the quest for the Orb.
     0 | D:1      | Reached XP level 1. HP: 11/11 MP: 4/4
   177 | D:1      | Reached XP level 2. HP: 15/17 MP: 1/6
   227 | D:1      | Learned a level 2 spell: Blink
   230 | D:1      | Learned a level 2 spell: Repel Missiles
   945 | D:2      | Reached XP level 3. HP: 8/21 MP: 0/8
  1908 | D:2      | Reached XP level 4. HP: 27/27 MP: 9/9
  2742 | D:4      | Killed from afar by an orc priest

Action                   |  1- 3 |  4- 6 || total
-------------------------+-------+-------++-------
Melee: Unarmed           |    21 |       ||    21
       Great sword       |    15 |    14 ||    29
       War axe           |       |     1 ||     1
 Cast: Magic Dart        |    59 |    50 ||   109
       Repel Missiles    |     1 |       ||     1
       Blink             |       |     1 ||     1
Evoke: Wand              |       |     1 ||     1
  Use: Scroll            |     3 |     4 ||     7
 Stab: Sleeping          |     6 |       ||     6
  Eat: Chunk             |     2 |     3 ||     5
